 Dungeon Crawl Stone Soup version 0.30-a0-305-g026cb31310 (webtiles) character file.

Game seed: 10561076547460951267

43 Lanoc the Gusty (level 3, -6/19 HPs)
             Began as a Deep Elf Air Elementalist on Oct 24, 2022.
             Was a Follower of Ru.
             Mangled by Crazy Yiuf
             ... wielding a +2 quarterstaff of chaos
              (12 damage)
             ... on level 2 of the Dungeon.
             The game lasted 00:03:32 (1756 turns).

Lanoc the Gusty (Deep Elf Air Elementalist)         Turns: 1756, Time: 00:03:32

Health: -6/19      AC:  3    Str:  5    XL:     3   Next: 37%
Magic:  3/9        EV: 13    Int: 21    God:    Ru [*.....]
Gold:   23         SH:  0    Dex: 15    Spells: 5/8 levels left

rFire   + . .      SeeInvis .    h - +0 dagger (venom)
rCold   + . .      Faith    .    (no shield)
rNeg    . . .      Spirit   .    a - +0 robe
rPois   +          Reflect  .    (no helmet)
rElec   +          Harm     .    (no cloak)
rCorr   +          Rampage  .    (no gloves)
Will    .....                    c - +0 pair of boots
Stlth   ++........               (no amulet)
HPRegen 0.23/turn                (no ring)
MPRegen 0.11/turn                (no ring)

@: resistant, invisible
A: missing an eye
a: Renounce Religion


You were on level 2 of the Dungeon.
You worshipped Ru.
Ru was aware of your devotion.
You visited 1 branch of the dungeon, and saw 2 of its levels.

You collected 23 gold pieces.

Inventory:

Hand Weapons
 h - a +0 dagger of venom (weapon)
Armour
 a - a +0 robe (worn)
 c - a +0 pair of boots (worn)
Magical Staves
 d - a staff of cold
Jewellery
 i - a ring of fire
Scrolls
 e - a scroll of butterflies {unknown}
 f - a scroll of teleportation {unknown}
 j - a scroll of magic mapping {unknown}
 l - a scroll of amnesia {unknown}
 m - a scroll of blinking {unknown}
 o - a scroll of identify {unknown}
Potions
 b - a potion of magic
 g - a potion of resistance
 k - 2 potions of flight {unknown}
 n - a potion of invisibility {unknown}
 p - a potion of curing


   Skills:
 + Level 3.3 Dodging
 - Level 2.4 Stealth
 - Level 3.0 Spellcasting
 - Level 1.1 Conjurations
 * Level 4.1 Air Magic


You had 5 spell levels left.
You knew the following spells:

 Your Spells              Type           Power      Damage    Failure   Level
a - Shock                 Conj/Air       56%        1d6       4%          1
d - Static Discharge      Conj/Air       28%        2-4/arc   7%          2

Your spell library contained the following spells:

 Spells                   Type           Power      Damage    Failure   Level
 Swiftness                Air            20%        N/A       8%          3
 Airstrike                Air            10%        2d(2-18)  24%         4


Dungeon Overview and Level Annotations

Branches:
Dungeon (2/15)

Altars:
Ru
Wu Jian

Annotations:
D:2 Crazy Yiuf


Innate Abilities, Weirdness & Mutations

You are missing an eye, making it more difficult to aim.


Message History

Confirm with . or Enter, or press ? or * to list all spells.
Aiming: Shock (safe; 4% risk of failure)
Press: ? - help, Shift-Dir - straight line, f - Crazy Yiuf
Aim: Crazy Yiuf, wielding a +2 quarterstaff of chaos and wearing a +0 cloak (52% to hit)
The zap misses Crazy Yiuf.
Casting: Shock (safe; 4% risk of failure)
Confirm with . or Enter, or press ? or * to list all spells.
You don't know that spell.
Casting: Shock (safe; 4% risk of failure)
Confirm with . or Enter, or press ? or * to list all spells.
Crazy Yiuf is struck by an arc of lightning.
Crazy Yiuf is lightly wounded.
You are struck by an arc of lightning.
Crazy Yiuf is struck by an arc of lightning.
Crazy Yiuf is moderately wounded.
The lightning grounds out.
Crazy Yiuf screams, "Papa sanguine water!"
Crazy Yiuf hits you with a +2 quarterstaff of chaos!
You fade into invisibility!
Casting: Static Discharge (safe; 7% risk of failure)
Confirm with . or Enter, or press ? or * to list all spells.
Crazy Yiuf is struck by an arc of lightning.
Crazy Yiuf is severely wounded.
You are struck by an arc of lightning.
* * * LOW HITPOINT WARNING * * *
The lightning grounds out.
Crazy Yiuf drinks a potion.
Crazy Yiuf is healed!
Casting: Static Discharge (safe; 7% risk of failure)
Confirm with . or Enter, or press ? or * to list all spells.
Aiming: Shock (safe; 4% risk of failure)
Press: ? - help, Shift-Dir - straight line, f/p - Crazy Yiuf
Aim: Crazy Yiuf, wielding a +2 quarterstaff of chaos and wearing a +0 cloak (wandering, unable to see you, hasn't noticed you, 52% to hit)
The zap hits Crazy Yiuf.
Crazy Yiuf is lightly wounded.
Crazy Yiuf barely misses you.
It was a potion of resistance.
You feel protected.
Crazy Yiuf yells, "Mugger hog green!"
Crazy Yiuf hits you with a +2 quarterstaff of chaos!
Ouch! That really hurt!
You die...

### ♣♣########### #)..#♣♣
♣♣.#..#......#
#...'g♣♣♣♣.............
#...#♣@.♣.............. ##### ###
♣♣♣.♣..#.......... ....#
♣♣♣♣♣##......... ....# #.........
....####################.........
...........................[.....
..†.#####################........
....# #............ ....#
####.##.....>...


You could see Crazy Yiuf (unable to see you).

Vanquished Creatures
  An adder (D:2)
  A worm (D:2)
  6 ball pythons
  5 bats
  2 endoplasms (D:1)
  2 giant cockroaches
  3 goblins (D:1)
  2 hobgoblins
  A quokka (D:2)
  4 frilled lizards
  A kobold (D:1)
  2 rats
30 creatures vanquished.

Notes
Turn   | Place    | Note
-------+----------+-------------------------------------------
     0 | D:1      | Lanoc the Deep Elf Air Elementalist began the quest for the
                  | Orb.
     0 | D:1      | Reached XP level 1. HP: 10/10 MP: 6/6
   232 | D:1      | Reached XP level 2. HP: 15/15 MP: 1/8
   382 | D:1      | Found a faded altar of an unknown god.
   396 | D:1      | Prayed at the altar of an unknown god.
   396 | D:1      | Became a worshipper of Ru the Awakened
   401 | D:1      | Gained mutation: You are missing an eye, making it more
                  | difficult to aim. [Ru sacrifice]
   401 | D:1      | Reached * piety under Ru
  1123 | D:2      | Reached XP level 3. HP: 11/19 MP: 0/9
  1126 | D:2      | Learned a level 2 spell: Static Discharge
  1299 | D:2      | Reached skill level 4 in Air Magic
  1381 | D:2      | Found a runed translucent door.
  1382 | D:2      | Noticed Crazy Yiuf
  1469 | D:2      | Found an ornate altar of the Wu Jian Council.
  1756 | D:2      | Mangled by Crazy Yiuf

Illustrated notes

Levels and vault maps discovered:
D:1:      mrwooster_arrival_statue_2, layout_loops_ring, basic_ecumenical_altar,
          serial_aquarium, aquarium_bridge_long_joined
          [aquarium_subvault_bridge, aquarium_subvault_bridge,
          aquarium_subvault_wall, aquarium_subvault_window,
          aquarium_subvault_wall, aquarium_subvault_bridge],
          aquarium_window_corridor_2, aquarium_window_fake, aquarium_view_2b,
          aquarium_view_2d, aquarium_pool_side, minmay_misc_feat_diagonals,
          serial_bayou_pond_a
D:2:      layout_rooms, basic_altar, uniq_crazy_yiuf_cottage

Skill      XL: |  1  2  3 |
---------------+----------+-----
Dodging        | 3 |  3.3
Air Magic      | 4 |  4.1
Stealth        | |  2.4
Spellcasting   | |  3.0
Conjurations   | |  1.1

Action                   || total
-------------------------++-------
Melee: Unarmed           ||     5
 Cast: Shock             ||    73
       Static Discharge  ||     3
Invok: Sacrifice an Eye  ||     1
  Use: Potion            ||     2
Armor: Robe              ||     3
Dodge: Dodged            ||    18

Table legend: (Time is in decaauts)
 A = Elapsed time spent in this place.
 B = Non-inter-level travel time spent in this place.
 C = Inter-level travel time spent in this place.
 D = Time resting spent in this place.
 E = Time spent auto-exploring this place.
 F = Levels seen in this place.
 G = Mean time per level.
                   A        B        C        D        E       F      G
               +--------+--------+--------+--------+--------+-----+--------+
         Total |   1755 |   1745 |     10 |      0 |   1560 |   2 |  877.5 |
       Dungeon |   1755 |   1745 |     10 |      0 |   1560 |   2 |  877.5 |
               +--------+--------+--------+--------+--------+-----+--------+

Top non-repeatable levels by time:
     D:1: 1015 daAuts
     D:2: 739 daAuts
